Map: Whirlwind LE (Void)

Players

neo

  • Race: Protoss Protoss
  • League: Gold
  • Spawn Location: 11:00

Fropez - Winner!

  • Race: Protoss Protoss
  • League: Gold
  • Spawn Location: 7:00

VOD

Have the link to the VOD?

Description

Time

  • Played on: Jan. 1, 2017, 12:17 a.m.
  • Length: 9:26
Show
View Real Time Build Order
Export as new Build Order

neo Protoss 

Build Orders:  

Get SALT Encoding   

  12  0:24  Probe (Chrono Boost)  
  13  0:29  Pylon  
  13  0:34  Probe (Chrono Boost)  
  14  0:45  Probe (Chrono Boost)  
  15  0:54  Pylon  
  15  1:12  Forge  
  15  1:51  Pylon  
  14  2:04  Gateway  
  14  2:06  Gateway  
  14  2:08  Gateway  
  14  2:10  Gateway  
  14  2:12  Gateway  
  14  2:14  Probe (Chrono Boost)  
  15  2:17  Assimilator  
  15  2:22  Assimilator  
  15  2:37  Probe (Chrono Boost)  
  16  2:48  Probe (Chrono Boost)  
  18  2:58  Probe (Chrono Boost)  
  18  3:25  Cybernetics Core  
  18  3:26  Protoss Ground Weapons Level 1  
  18  3:33  Probe (Chrono Boost)  
  19  3:45  Probe (Chrono Boost)  
  21  3:57  Probe (Chrono Boost)  
  21  4:02  Stalker  
  23  4:11  Pylon  
  23  4:29  Stalker x2  
  23  4:30  Stalker  
  29  4:31  Stalker  
  31  4:39  Pylon  
  31  4:42  Pylon  
  31  4:57  Stalker  
  33  5:01  Stalker  
  35  5:12  Stalker  
  38  5:17  Probe (Chrono Boost)  
  38  5:19  Stalker  
  40  5:33  Stalker  
  42  5:37  Stalker  
  44  5:48  Stalker  
  45  6:02  Stalker  
  47  6:40  Pylon  
  47  6:47  Pylon  
  47  6:51  Stalker  
  47  6:58  Stalker x3  
  13  9:15  Pylon  
  13  9:16  Pylon  
  1  9:19  Pylon  
Show
View Real Time Build Order
Export as new Build Order

Fropez Protoss - Winner!

Build Orders: Nexus First 

Get SALT Encoding   

  12  0:01  Probe (Chrono Boost)  
  13  0:11  Probe (Chrono Boost)  
  14  0:41  Nexus  
  14  0:44  Probe (Chrono Boost)  
  15  1:25  Assimilator  
  15  1:31  Assimilator  
  15  1:40  Pylon  
  15  1:53  Probe (Chrono Boost)  
  16  1:59  Nexus  
  16  2:04  Probe (Chrono Boost)  
  16  2:08  Gateway  
  17  2:09  Probe (Chrono Boost)  
  17  2:15  Probe (Chrono Boost)  
  19  2:25  Pylon  
  19  2:33  Probe (Chrono Boost)  
  20  2:41  Probe (Chrono Boost)  
  21  2:56  Cybernetics Core  
  21  2:58  Probe (Chrono Boost)  
  22  2:59  Probe (Chrono Boost)  
  23  3:12  Pylon  
  23  3:17  Probe (Chrono Boost)  
  23  3:18  Probe (Chrono Boost)  
  23  3:19  Probe (Chrono Boost)  
  26  3:26  Warp Gate  
  26  3:32  Pylon  
  26  3:38  Mothership Core (Chrono Boost)  
  26  3:39  Probe (Chrono Boost)  
  29  3:47  Probe (Chrono Boost)  
  29  3:48  Pylon  
  30  3:58  Pylon  
  30  4:01  Probe (Chrono Boost)  
  30  4:02  Probe (Chrono Boost)  
  32  4:03  Probe (Chrono Boost)  
  32  4:13  Twilight Council  
  32  4:14  Probe (Chrono Boost)  
  32  4:16  Probe (Chrono Boost)  
  36  4:31  Probe (Chrono Boost)  
  36  4:33  Probe (Chrono Boost)  
  36  4:38  Blink  
  36  4:39  Probe (Chrono Boost), Gateway x2  
  36  4:42  Probe (Chrono Boost)  
  38  4:49  Probe (Chrono Boost)  
  39  5:02  Dark Shrine  
  39  5:06  Gateway  
  39  5:12  Robotics Facility  
  40  5:15  Probe x2 (Chrono Boost)  
  40  5:16  Probe (Chrono Boost)  
  40  5:18  Assimilator  
  42  5:23  Assimilator  
  42  5:27  Probe (Chrono Boost)  
  43  5:36  Pylon  
  43  5:37  Pylon  
  43  5:40  Probe (Chrono Boost)  
  43  5:41  Probe x2 (Chrono Boost)  
  43  5:42  Stalker  
  48  5:43  Stalker  
  50  5:51  Probe (Chrono Boost)  
  50  5:52  Stalker  
  50  5:53  Probe (Chrono Boost)  
  54  5:59  Pylon  
  54  6:00  Observer  
  54  6:02  Pylon  
  55  6:08  Stalker x2  
  59  6:14  Probe (Chrono Boost)  
  59  6:15  Probe x2 (Chrono Boost)  
  54  6:26  Gateway x2  
  54  6:27  Dark Templar x2  
  54  6:29  Gateway  
  54  6:31  Pylon  
  58  6:33  Stalker x2  
  64  6:47  Forge  
  64  6:48  Probe x2 (Chrono Boost)  
  53  7:02  Stalker x3  
  41  7:24  Immortal  
  41  7:27  Probe (Chrono Boost)  
  41  7:28  Probe x2 (Chrono Boost)  
  48  7:34  Dark Templar  
  49  7:41  Zealot  
  51  7:44  Probe (Chrono Boost)  
  51  7:46  Probe x2 (Chrono Boost)  
  54  7:52  Pylon, Nexus  
  54  7:55  Probe (Chrono Boost)  
  54  7:58  Probe x2 (Chrono Boost)  
  57  8:06  Probe (Chrono Boost)  
  57  8:07  Pylon  
  57  8:09  Assimilator  
  57  8:10  Probe x2 (Chrono Boost)  
  57  8:11  Assimilator  
  57  8:12  Stalker x2  
  64  8:18  Probe (Chrono Boost)  
  65  8:22  Probe (Chrono Boost)  
  64  8:29  Pylon  
  61  8:38  Dark Templar x2  
  61  8:58  Probe (Chrono Boost)  
  61  8:59  Probe x2 (Chrono Boost)  
  61  9:02  Observer  
  62  9:11  Stalker x3  
Tags
 
League
GoldGold
Matchup
PvP
Replay Pack
All Mines
Spawn Locations
Close Positions
Add a new tag
Caveats
  • Supply blocks, unpowered buildings, or Contaminate may cause inaccurate times.
  • Supply counts are checked every 10 seconds.